AoeStats
← Combi l BU

Arena

506217192Analyzed
1v1 RM · 20d ago on Sep 12, 2026· 46m 47s· 2 players
Game mode
Random Map
Map size
Tiny (2 player)
Population
200
Speed
Normal
Resources
Standard
Victory
Conquest
Starting age
Dark Age
Ending age
Imperial Age
RankedLock teamsTeams togetherTeam positionsShared explorationLock speedFull tech treeHidden civsTurbo modeCheats
Victory
Defeat
🇲🇽 Hindustanis · Mexico
1933
+26
🇫🇷 Magyars · France
2180
-26
AOKI_Thanouille
11:05 Feudal Age
15:13 Castle Age
13:24 Double-Bit Axe
13:25 Horse Collar
15:18 Light Cavalry
17:55 Bow Saw
21:27 Heavy Plow
23:30 Wheelbarrow
23:54 Gold Mining
25:00 Hand Cart
26:17 Loom
29:09 Imperial Age
26:24 Pikeman
27:29 Scale Mail Armor
27:24 Town Watch
29:47 Chain Mail Armor
29:44 Halberdier
30:46 Masonry
30:56 Fletching
31:41 Scale Barding Armor
32:15 Gold Shaft Mining
32:01 Bodkin Arrow
34:07 Chain Barding Armor
35:41 Bloodlines
36:22 Plate Barding Armor
37:18 Husbandry
38:41 Ballistics
39:03 Conscription
38:11 Hussar
39:48 Parthian Tactics
40:47 Bracer
40:57 Thumb Ring
42:10 Chemistry
42:15 Padded Archer Armor
Combi l BU
11:05 Feudal Age
12:01 Double-Bit Axe
12:29 Horse Collar
14:55 Castle Age
15:00 Light Cavalry
23:16 Wheelbarrow
22:38 Loom
23:48 Bow Saw
24:35 Hand Cart
29:15 Imperial Age
27:02 Heavy Plow
28:10 Scale Barding Armor
28:42 Padded Archer Armor
29:21 Masonry
31:10 Chemistry
31:25 Two-Man Saw
31:38 Leather Archer Armor
31:29 Gold Mining
33:01 Gold Shaft Mining
32:19 Stone Mining
33:13 Siege Elephant
36:22 Ring Archer Armor
36:26 Chain Barding Armor
37:34 Conscription
37:38 Shatagni
37:19 Heavy Camel Rider
38:29 Bloodlines
38:20 Husbandry
40:15 Plate Barding Armor
41:29 Stone Shaft Mining
40:28 Imperial Camel Rider
41:19 Forging
43:26 Iron Casting
46:59 Hoardings
Connection lost

Rejoining the realm…

Still unreachable

The connection could not be restored.

Session expired

The server has moved on; the page needs a fresh start.